Senators vs Little Stars
Created - February 5, 2018 at 19:11
Goals
|
| Senators |
0 |
2 |
1 |
3 |
| Little Stars |
3 |
4 |
0 |
7 |
|
Shots
|
| Senators |
8 |
14 |
7 |
29 |
| Little Stars |
11 |
14 |
14 |
39 |
|
1st period
1. Little Stars , Jesse Joensuu 30 (Nail Yakupov 5, Yannick Weber 18) at 4:33
2. Little Stars , Alex Chiasson 37 (Tyson Barrie 16, Shawn Matthias 31) at 6:03
3. Little Stars , Alex Chiasson 38 (Shawn Matthias 32, Brian Flynn 39) at 14:50 (PP)
Penalties :
Logan Stephenson (BIN) for Holding (Minor) at 10:30, Keegan Lowe (BIN) for Roughing (Double Minor) at 14:41
2nd period
4. Little Stars , Mathieu Perreault 11 (Tyson Barrie 17, Alexander Vasyunov 8) at 5:04
5. Little Stars , Shawn Matthias 22 (Alex Chiasson 59, Brian Flynn 40) at 5:20
6. Little Stars , Shawn Matthias 23 (Alex Chiasson 60, Brian Flynn 41) at 6:27
7. Senators , Matt Frattin 17 (Jeff Petry 11, Marc-André Bernier 20) at 11:55
8. Senators , Marc-André Bernier 14 (Ryan Dzingel 9) at 12:40
9. Little Stars , Dana Tyrell 26 (Jordie Benn 10) at 12:58
Penalties :
No Penalty
3rd period
10. Senators , Shane Prince 6 (Marc-André Bernier 21, Jeff Petry 12) at 7:06
Penalties :
Logan Stephenson (BIN) for Tripping (Minor) at 0:15, Chris Thorburn (BIN) for Tripping (Minor) at 1:01, Shawn Matthias (Tex) for High sticking (Minor) at 18:39
Goalie Stats
Ben Bishop (BIN), 10 saves from 14 shots - (0.714), L, 3-6-2, 25:04 minutes
Brad Thiessen (BIN), 22 saves from 25 shots - (0.880), 34:56 minutes
Jhonas Enroth (Tex), 26 saves from 29 shots - (0.897), W, 27-11-1, 60:00 minutes
Players Stats for Senators
Player Name G A P +/- PIM S H SB GA TA FO MP PP MP PK MP
------------------------------------------------------------------------------------
Chandler Stephenson 0 0 0 0 0 0 0 0 0 0 0/0 3:13 0:00 0:00
Chris Thorburn 0 0 0 -4 2 1 2 0 0 1 3/4 17:12 0:41 1:41
Freddie Hamilton 0 0 0 0 0 0 0 0 0 0 1/2 7:10 0:00 0:00
Gabriel Bourque 0 0 0 -4 0 0 1 1 1 0 1/1 19:38 0:41 2:44
Jeff Petry 0 2 2 1 0 0 2 0 0 0 0/0 19:20 0:36 2:22
Keegan Lowe 0 0 0 0 4 0 1 1 0 0 0/0 14:49 0:00 2:26
Logan Stephenson 0 0 0 -4 4 2 3 4 0 0 0/0 25:38 0:44 1:48
Marc-André Bernier 1 2 3 1 0 5 0 1 0 0 0/1 12:51 0:00 0:00
Matt Frattin 1 0 1 0 0 6 0 0 0 0 0/0 18:11 0:39 1:58
Nicolas Deslauriers 0 0 0 0 0 1 1 1 0 1 0/0 13:40 0:00 0:45
Patrick Bordeleau 0 0 0 0 0 5 3 0 1 0 1/1 16:13 0:39 0:00
Patrick Wey 0 0 0 -4 0 0 3 4 1 0 0/0 27:21 0:44 4:06
Phil Di Giuseppe 0 0 0 0 0 1 1 1 1 0 0/0 7:44 0:00 0:34
Ryan Dzingel 0 1 1 1 0 1 0 1 0 0 0/0 14:33 0:00 1:42
Shane Prince 1 0 1 1 0 2 2 0 0 0 0/4 12:51 0:00 0:00
Shane Sims 0 0 0 1 0 1 1 0 1 1 0/0 19:20 0:36 2:22
Stephane Da Costa 0 0 0 -4 0 4 0 2 2 1 16/29 25:10 0:41 3:02
Zemgus Girgensons 0 0 0 0 0 0 1 0 0 0 5/15 16:57 0:39 0:44
Players Stats for Little Stars
Player Name G A P +/- PIM S H SB GA TA FO MP PP MP PK MP
------------------------------------------------------------------------------------
Alex Chiasson 2 2 4 2 0 5 3 0 0 0 2/2 21:53 3:39 0:52
Alexander Vasyunov 0 1 1 0 0 2 1 0 0 0 0/0 11:25 0:00 0:47
Andrej Sustr 0 0 0 1 0 0 3 1 0 0 0/0 26:41 4:28 0:43
Brian Flynn 0 3 3 2 0 2 2 1 1 0 16/33 21:01 3:39 0:00
Dana Tyrell 1 0 1 1 0 3 2 0 0 0 9/16 16:47 2:50 0:00
Daniel O'regan 0 0 0 0 0 1 0 0 0 0 0/3 9:18 0:00 0:28
Hugh Jessiman 0 0 0 1 0 2 0 0 0 2 0/0 16:47 2:50 0:00
Jesper Fast 0 0 0 0 0 1 2 0 1 1 0/0 12:02 0:23 0:00
Jesse Joensuu 1 0 1 1 0 7 1 0 0 1 1/1 17:20 2:50 0:33
Jordie Benn 0 1 1 0 0 2 1 2 0 0 0/0 20:07 2:24 0:37
Mathieu Perreault 1 0 1 0 0 2 1 0 0 0 2/2 12:02 0:23 0:00
Nail Yakupov 0 1 1 0 0 1 0 0 0 0 0/0 10:14 0:23 0:00
Niklas Hjalmarsson 0 0 0 1 0 3 1 1 0 1 0/0 26:41 4:28 0:43
Robert Klinkhammer 0 0 0 0 0 3 1 1 0 0 0/0 8:50 0:00 0:00
Shawn Matthias 2 2 4 2 2 5 1 0 1 0 0/0 21:00 3:39 0:00
Tyler Wotherspoon 0 0 0 2 0 0 1 1 0 2 0/0 13:12 0:00 0:00
Tyson Barrie 0 2 2 2 0 0 0 0 1 0 0/0 13:12 0:00 0:00
Yannick Weber 0 1 1 0 0 0 0 0 0 0 0/0 20:07 2:24 0:37
3 Stars
1 - Alex Chiasson (Tex)
2 - Shawn Matthias (Tex)
3 - Brian Flynn (Tex)
Power Play
Senators - 0 on 1 Attempt(s) - 0.00%
Little Stars - 1 on 5 Attempt(s) - 20.00%
Penalty Kill
Senators - 4 on 5 Attempt(s) - 80.00%
- Score 0 goal in Penalty Kill
Little Stars - 1 on 1 Attempt(s) - 100.00%
- Score 0 goal in Penalty Kill
Team Stat
Senators - Hits : 21 - Faceoff Wins : 27 - Blocked Shots : 16 - Penalty Minutes : 10
Little Stars - Hits : 20 - Faceoff Wins : 30 - Blocked Shots : 7 - Penalty Minutes : 2
Official
Referees : Martell Rob and Kozari Steve
Linesman : Mark Wheler and Tony Sericolo
Game Notes
Brad Thiessen enters game at 5:04 of 2nd period
Finance
Level 1 -- Attendance: 1672 (83.60%) -- Ticket Income $58,520
Level 2 -- Attendance: 836 (83.60%) -- Ticket Income $16,720
Total Attendance: 2508 (83.60%)
Total Ticket Income: $75,240
Other Income: $3,762
Total Income: $79,002
Senators
5 vs 5 Forward
Center Left Wing Right Wing Time % Phy DF OF
1 Stephane Da Costa Gabriel Bourque Chris Thorburn 40 1 2 2
2 Zemgus Girgensons Patrick Bordeleau Matt Frattin 30 1 2 2
3 Shane Prince Ryan Dzingel Marc-André Bernier 20 1 2 2
4 Freddie Hamilton Phil Di Giuseppe Stephane Da Costa 10 1 2 2
5 vs 5 Defense
Defense Defense Time % Phy DF OF
1 Logan Stephenson Patrick Wey 40 1 2 2
2 Shane Sims Jeff Petry 30 1 2 2
3 Nicolas Deslauriers Keegan Lowe 20 1 2 2
4 Logan Stephenson Patrick Wey 10 1 2 2
PowerPlay Forward
Center Left Wing Right Wing Time % Phy DF OF
1 Stephane Da Costa Gabriel Bourque Chris Thorburn 60 1 2 2
2 Zemgus Girgensons Patrick Bordeleau Matt Frattin 40 1 2 2
PowerPlay Defense
Defense Defense Time % Phy DF OF
1 Logan Stephenson Patrick Wey 60 1 2 2
2 Shane Sims Jeff Petry 40 1 2 2
Penalty Kill 4 Players Forward
Center Wing Time % Phy DF OF
1 Stephane Da Costa Gabriel Bourque 60 1 2 2
2 Chris Thorburn Matt Frattin 40 1 2 2
Penalty Kill 4 Players Defense
Defense Defense Time % Phy DF OF
1 Logan Stephenson Patrick Wey 60 1 2 2
2 Shane Sims Jeff Petry 40 1 2 2
Penalty Kill - 3 Players Forward
Forward Time % Phy DF OF
1 Stephane Da Costa 60 1 2 2
2 Gabriel Bourque 40 1 2 2
Penalty Kill - 3 Players Defense
Defense Defense Time % Phy DF OF
1 Logan Stephenson Patrick Wey 60 1 2 2
2 Shane Sims Jeff Petry 40 1 2 2
4 vs 4 Forward
Center Wing Time % Phy DF OF
1 Stephane Da Costa Gabriel Bourque 60 1 2 2
2 Chris Thorburn Matt Frattin 40 1 2 2
4 vs 4 Defense
Defense Defense Time % Phy DF OF
1 Logan Stephenson Patrick Wey 60 1 2 2
2 Shane Sims Jeff Petry 40 1 2 2
Last Minutes Offensive
Center Left Wing Right Wing Defense Defense
Stephane Da Costa Gabriel Bourque Chris Thorburn Logan Stephenson Patrick Wey
Last Minutes Defensive
Center Left Wing Right Wing Defense Defense
Stephane Da Costa Gabriel Bourque Chris Thorburn Logan Stephenson Patrick Wey
Goaltenders
Starting : Ben Bishop
Backup : Brad Thiessen
Extra Forwards
Normal : Chandler Stephenson, Marc-André Bernier, Ryan Dzingel - PP : Chandler Stephenson, Marc-André Bernier - PK : Ryan Dzingel
Extra Defensemen
Normal : Nicolas Deslauriers, Keegan Lowe, Shane Sims - PP : Nicolas Deslauriers - PK : Keegan Lowe, Shane Sims
Penalty Shots
Stephane Da Costa, Gabriel Bourque, Chris Thorburn, Matt Frattin, Patrick Bordeleau
Scratches
Gabriel Landeskog (Right Leg Injury), Tomas Jurco (Left Leg Injury), Dylan Blujus (Healthy), Tommy Wingels (Bruised Right Arm Injury), Matt Tomkins (Healthy)
Little Stars
5 vs 5 Forward
Center Left Wing Right Wing Time % Phy DF OF
1 Brian Flynn Shawn Matthias Alex Chiasson 40 1 2 2
2 Dana Tyrell Jesse Joensuu Hugh Jessiman 30 1 2 2
3 Mathieu Perreault Alexander Vasyunov Jesper Fast 20 1 2 2
4 Daniel O'regan Robert Klinkhammer Nail Yakupov 10 1 2 2
5 vs 5 Defense
Defense Defense Time % Phy DF OF
1 Niklas Hjalmarsson Andrej Sustr 40 1 2 2
2 Yannick Weber Jordie Benn 30 1 2 2
3 Tyson Barrie Tyler Wotherspoon 20 1 2 2
4 Niklas Hjalmarsson Andrej Sustr 10 1 2 2
PowerPlay Forward
Center Left Wing Right Wing Time % Phy DF OF
1 Brian Flynn Shawn Matthias Alex Chiasson 60 1 2 2
2 Dana Tyrell Jesse Joensuu Hugh Jessiman 40 1 2 2
PowerPlay Defense
Defense Defense Time % Phy DF OF
1 Niklas Hjalmarsson Andrej Sustr 60 1 2 2
2 Yannick Weber Jordie Benn 40 1 2 2
Penalty Kill 4 Players Forward
Center Wing Time % Phy DF OF
1 Alex Chiasson Shawn Matthias 60 1 2 2
2 Hugh Jessiman Brian Flynn 40 1 2 2
Penalty Kill 4 Players Defense
Defense Defense Time % Phy DF OF
1 Niklas Hjalmarsson Andrej Sustr 60 1 2 2
2 Yannick Weber Jordie Benn 40 1 2 2
Penalty Kill - 3 Players Forward
Forward Time % Phy DF OF
1 Alex Chiasson 60 1 2 2
2 Shawn Matthias 40 1 2 2
Penalty Kill - 3 Players Defense
Defense Defense Time % Phy DF OF
1 Niklas Hjalmarsson Andrej Sustr 60 1 2 2
2 Yannick Weber Jordie Benn 40 1 2 2
4 vs 4 Forward
Center Wing Time % Phy DF OF
1 Alex Chiasson Shawn Matthias 60 1 2 2
2 Hugh Jessiman Brian Flynn 40 1 2 2
4 vs 4 Defense
Defense Defense Time % Phy DF OF
1 Niklas Hjalmarsson Andrej Sustr 60 1 2 2
2 Yannick Weber Jordie Benn 40 1 2 2
Last Minutes Offensive
Center Left Wing Right Wing Defense Defense
Brian Flynn Shawn Matthias Alex Chiasson Niklas Hjalmarsson Andrej Sustr
Last Minutes Defensive
Center Left Wing Right Wing Defense Defense
Brian Flynn Shawn Matthias Alex Chiasson Niklas Hjalmarsson Andrej Sustr
Goaltenders
Starting : Jhonas Enroth
Backup : Peter Delmas
Extra Forwards
Normal : Mathieu Perreault, Jesper Fast, Alexander Vasyunov - PP : Mathieu Perreault, Jesper Fast - PK : Alexander Vasyunov
Extra Defensemen
Normal : Tyson Barrie, Tyler Wotherspoon, Yannick Weber - PP : Tyson Barrie - PK : Tyler Wotherspoon, Yannick Weber
Penalty Shots
Alex Chiasson, Shawn Matthias, Hugh Jessiman, Brian Flynn, Dana Tyrell
Scratches
Michael Mersch (Healthy), Scott Harrington (Healthy), Reece Willcox (Healthy), Ville Pokka (Healthy), Alexander Khokhlachev (Healthy)
Phil Oreskovic (Right Forearm Injury), Anthony Camara (Healthy), Daniel Catenacci (Healthy), Duncan Siemens (Healthy), Dillon Simpson (Healthy)
Scott Kosmachuck (Healthy), Anthony Stolarz (Healthy)
% Time on Ice - Senators
Lines # - Real PCT - Wanted PCT - Time Play
Normal Forward
1 - 31% - 40% - 16:13
2 - 30% - 30% - 15:34
3 - 25% - 20% - 12:51
4 - 14% - 10% - 7:10
Normal Defense
1 - 38% - 40% - 19:46
2 - 32% - 30% - 16:22
3 - 24% - 20% - 12:13
4 - 7% - 10% - 3:27
PP Forward
1 - 51% - 60% - 0:41
2 - 49% - 40% - 0:39
PP Defense
1 - 55% - 60% - 0:44
2 - 45% - 40% - 0:36
PK Forward
1 - 65% - 60% - 3:41
2 - 35% - 40% - 1:58
PK Defense
1 - 68% - 60% - 3:51
2 - 32% - 40% - 1:48
PK3 Forward
1 - 88% - 60% - 1:04
2 - 12% - 40% - 0:09
PK3 Defense
1 - 53% - 60% - 0:39
2 - 47% - 40% - 0:34
44 Forward
1 - 0% - 60%
2 - 0% - 40%
44 Defense
1 - 0% - 60%
2 - 0% - 40%
Last Minute Offensive - 0:00
Last Minute Defensive - 0:00
Total
Forward - 60:00
Defense - 60:00
|
% Time on Ice - Little Stars
Lines # - Real PCT - Wanted PCT - Time Play
Normal Forward
1 - 35% - 40% - 18:23
2 - 27% - 30% - 13:57
3 - 21% - 20% - 10:38
4 - 17% - 10% - 8:50
Normal Defense
1 - 37% - 40% - 19:11
2 - 33% - 30% - 17:06
3 - 25% - 20% - 13:12
4 - 4% - 10% - 2:19
PP Forward
1 - 59% - 60% - 4:02
2 - 41% - 40% - 2:50
PP Defense
1 - 65% - 60% - 4:28
2 - 35% - 40% - 2:24
PK Forward
1 - 100% - 60% - 1:20
2 - 0% - 40% - 0:00
PK Defense
1 - 54% - 60% - 0:43
2 - 46% - 40% - 0:37
PK3 Forward
1 - 0% - 60%
2 - 0% - 40%
PK3 Defense
1 - 0% - 60%
2 - 0% - 40%
44 Forward
1 - 0% - 60%
2 - 0% - 40%
44 Defense
1 - 0% - 60%
2 - 0% - 40%
Last Minute Offensive - 0:00
Last Minute Defensive - 0:00
Total
Forward - 60:00
Defense - 60:00
|
Play by Play
1st period
0:01 of 1st period - Stephane Da Costa wins face-off versus Brian Flynn in neutral zone.
0:16 of 1st period - Niklas Hjalmarsson is hit by Gabriel Bourque.
1:14 of 1st period - Wrist shot by Robert Klinkhammer.
1:14 of 1st period - Stopped by Ben Bishop with a rebound.
1:16 of 1st period - Slapshot by Daniel O'regan.
1:16 of 1st period - Stopped by Ben Bishop with a rebound.
1:18 of 1st period - Slapshot by Jordie Benn.
1:18 of 1st period - Stopped by Ben Bishop with a rebound.
1:20 of 1st period - Wrist shot by Nail Yakupov.
1:20 of 1st period - Shot Misses the Net.
2:12 of 1st period - Off-side.
2:13 of 1st period - Brian Flynn wins face-off versus Stephane Da Costa in neutral zone.
2:43 of 1st period - Wrist shot by Jesse Joensuu.
2:43 of 1st period - Stopped by Ben Bishop with a rebound.
2:45 of 1st period - Slapshot by Yannick Weber.
2:45 of 1st period - Deflect By Jesse Joensuu.
2:45 of 1st period - Shot Misses the Net.
2:45 of 1st period - Puck is out of play.
2:46 of 1st period - Brian Flynn wins face-off versus Shane Prince in Senators zone.
2:47 of 1st period - Wrist shot by Alex Chiasson.
2:47 of 1st period - Shot Misses the Net.
3:01 of 1st period - Snap shot by Shawn Matthias.
3:01 of 1st period - Stopped by Ben Bishop without a rebound.
3:02 of 1st period - Dana Tyrell wins face-off versus Stephane Da Costa in Senators zone.
3:05 of 1st period - Slapshot by Jesse Joensuu.
3:05 of 1st period - Shot Misses the Net.
3:34 of 1st period - Alex Chiasson is hit by Patrick Bordeleau and loses puck.
3:49 of 1st period - Snap shot by Marc-André Bernier.
3:49 of 1st period - Stopped by Jhonas Enroth with a rebound.
4:33 of 1st period - Wrist shot by Jesse Joensuu.
4:33 of 1st period - Goal by Jesse Joensuu - Senators : 0 - Little Stars : 1.
4:34 of 1st period - Stephane Da Costa wins face-off versus Brian Flynn in neutral zone.
4:36 of 1st period - Off-side.
4:37 of 1st period - Stephane Da Costa wins face-off versus Brian Flynn in neutral zone.
5:52 of 1st period - Wrist shot by Stephane Da Costa.
5:52 of 1st period - Deflect By Phil Di Giuseppe.
5:52 of 1st period - Stopped by Jhonas Enroth without a rebound.
5:53 of 1st period - Brian Flynn wins face-off versus Stephane Da Costa in Little Stars zone.
6:03 of 1st period - Snap shot by Alex Chiasson.
6:03 of 1st period - Goal by Alex Chiasson - Senators : 0 - Little Stars : 2.
6:04 of 1st period - Brian Flynn wins face-off versus Stephane Da Costa in neutral zone.
6:19 of 1st period - Wrist shot by Alex Chiasson.
6:19 of 1st period - Shot Blocked by Patrick Wey.
6:29 of 1st period - Niklas Hjalmarsson is hit by Logan Stephenson.
6:53 of 1st period - Snap shot by Jesper Fast.
6:53 of 1st period - Stopped by Ben Bishop with a rebound.
7:28 of 1st period - Slapshot by Nicolas Deslauriers.
7:28 of 1st period - Stopped by Jhonas Enroth without a rebound.
7:29 of 1st period - Stephane Da Costa wins face-off versus Brian Flynn in Little Stars zone.
7:40 of 1st period - Snap shot by Shawn Matthias.
7:40 of 1st period - Stopped by Ben Bishop without a rebound.
7:41 of 1st period - Stephane Da Costa wins face-off versus Brian Flynn in Senators zone.
8:07 of 1st period - Tyler Wotherspoon is hit by Patrick Wey and loses puck.
8:14 of 1st period - Wrist shot by Patrick Bordeleau.
8:14 of 1st period - Stopped by Jhonas Enroth without a rebound.
8:15 of 1st period - Zemgus Girgensons wins face-off versus Daniel O'regan in Little Stars zone.
8:18 of 1st period - Wrist shot by Matt Frattin.
8:18 of 1st period - Deflect By Jordie Benn.
8:18 of 1st period - Shot Misses the Net.
8:18 of 1st period - Puck is out of play.
8:19 of 1st period - Zemgus Girgensons wins face-off versus Daniel O'regan in Little Stars zone.
8:26 of 1st period - Wrist shot by Matt Frattin.
8:26 of 1st period - Deflect By Patrick Bordeleau.
8:26 of 1st period - Stopped by Jhonas Enroth without a rebound.
8:27 of 1st period - Alex Chiasson wins face-off versus Stephane Da Costa in Little Stars zone.
8:27 of 1st period - Alex Chiasson is hit by Logan Stephenson.
10:30 of 1st period - Minor Penalty to Logan Stephenson for Holding.
10:31 of 1st period - Brian Flynn wins face-off versus Stephane Da Costa in Senators zone.
10:35 of 1st period - Snap shot by Shawn Matthias.
10:35 of 1st period - Shot Misses the Net.
10:51 of 1st period - Gabriel Bourque is hit by Andrej Sustr and loses puck.
11:10 of 1st period - Snap shot by Jesse Joensuu.
11:10 of 1st period - Stopped by Ben Bishop with a rebound.
11:28 of 1st period - Shane Sims is hit by Jesse Joensuu and loses puck.
12:30 of 1st period - Penalty to Logan Stephenson is over, Logan Stephenson is back on ice.
13:10 of 1st period - Icing by Stephane Da Costa.
13:11 of 1st period - Stephane Da Costa wins face-off versus Dana Tyrell in Senators zone.
13:22 of 1st period - Hugh Jessiman is hit by Patrick Wey and loses puck.
14:02 of 1st period - Snap shot by Matt Frattin.
14:02 of 1st period - Stopped by Jhonas Enroth with a rebound.
14:04 of 1st period - Snap shot by Matt Frattin.
14:04 of 1st period - Stopped by Jhonas Enroth with a rebound.
14:41 of 1st period - Double Minor Penalty to Keegan Lowe for Roughing.
14:42 of 1st period - Brian Flynn wins face-off versus Chris Thorburn in Senators zone.
14:50 of 1st period - Snap shot by Alex Chiasson.
14:50 of 1st period - Goal by Alex Chiasson - Senators : 0 - Little Stars : 3.
14:51 of 1st period - Stephane Da Costa wins face-off versus Brian Flynn in neutral zone.
16:50 of 1st period - Penalty to Keegan Lowe is over, Keegan Lowe is back on ice.
18:29 of 1st period - Snap shot by Matt Frattin.
18:29 of 1st period - Stopped by Jhonas Enroth with a rebound.
18:53 of 1st period - Wrist shot by Phil Di Giuseppe.
18:53 of 1st period - Shot Blocked by Robert Klinkhammer.
19:05 of 1st period - Shane Sims is hit by Brian Flynn and loses puck.
19:12 of 1st period - Brian Flynn is hit by Patrick Bordeleau and loses puck.
19:50 of 1st period - Nicolas Deslauriers is hit by Mathieu Perreault and loses puck.
Goals for this period are 0 for Senators vs 3 for Little Stars.
Shots for this period are 8 for Senators vs 11 for Little Stars.
2nd period
0:01 of 2nd period - Stephane Da Costa wins face-off versus Brian Flynn in neutral zone.
0:12 of 2nd period - Wrist shot by Stephane Da Costa.
0:12 of 2nd period - Stopped by Jhonas Enroth with a rebound.
0:14 of 2nd period - Slapshot by Logan Stephenson.
0:14 of 2nd period - Stopped by Jhonas Enroth with a rebound.
0:26 of 2nd period - Patrick Wey is hit by Andrej Sustr and loses puck.
0:33 of 2nd period - Slapshot by Matt Frattin.
0:33 of 2nd period - Deflect By Hugh Jessiman.
0:33 of 2nd period - Stopped by Jhonas Enroth with a rebound.
0:35 of 2nd period - Wrist shot by Matt Frattin.
0:35 of 2nd period - Stopped by Jhonas Enroth with a rebound.
0:53 of 2nd period - Slapshot by Jesper Fast.
0:53 of 2nd period - Shot Blocked by Marc-André Bernier.
1:05 of 2nd period - Andrej Sustr is hit by Chris Thorburn and loses puck.
2:10 of 2nd period - Snap shot by Patrick Bordeleau.
2:10 of 2nd period - Stopped by Jhonas Enroth with a rebound.
2:28 of 2nd period - Tyler Wotherspoon is hit by Jeff Petry and loses puck.
2:56 of 2nd period - Snap shot by Matt Frattin.
2:56 of 2nd period - Shot Blocked by Tyler Wotherspoon.
3:25 of 2nd period - Shane Sims is hit by Andrej Sustr and loses puck.
3:43 of 2nd period - Gabriel Bourque is hit by Jesper Fast and loses puck.
4:03 of 2nd period - Patrick Wey is hit by Robert Klinkhammer and loses puck.
4:18 of 2nd period - Matt Frattin is hit by Brian Flynn and loses puck.
4:27 of 2nd period - Snap shot by Alex Chiasson.
4:27 of 2nd period - Stopped by Ben Bishop with a rebound.
5:00 of 2nd period - Wrist shot by Alexander Vasyunov.
5:00 of 2nd period - Stopped by Ben Bishop with a rebound.
5:02 of 2nd period - Slapshot by Tyson Barrie.
5:02 of 2nd period - Shot Blocked by Patrick Wey.
5:04 of 2nd period - Snap shot by Tyson Barrie.
5:04 of 2nd period - Deflect By Mathieu Perreault.
5:04 of 2nd period - Goal by Mathieu Perreault - Senators : 0 - Little Stars : 4.
5:04 of 2nd period - Brad Thiessen enters game.
5:05 of 2nd period - Brian Flynn wins face-off versus Zemgus Girgensons in neutral zone.
5:20 of 2nd period - Wrist shot by Shawn Matthias.
5:20 of 2nd period - Goal by Shawn Matthias - Senators : 0 - Little Stars : 5.
5:21 of 2nd period - Brian Flynn wins face-off versus Stephane Da Costa in neutral zone.
5:28 of 2nd period - Wrist shot by Shawn Matthias.
5:28 of 2nd period - Shot Blocked by Logan Stephenson.
5:53 of 2nd period - Snap shot by Matt Frattin.
5:53 of 2nd period - Shot Misses the Net.
5:55 of 2nd period - Snap shot by Zemgus Girgensons.
5:55 of 2nd period - Shot Misses the Net.
6:15 of 2nd period - Icing by Shane Sims.
6:16 of 2nd period - Brian Flynn wins face-off versus Shane Prince in Senators zone.
6:27 of 2nd period - Wrist shot by Alex Chiasson.
6:27 of 2nd period - Deflect By Shawn Matthias.
6:27 of 2nd period - Goal by Shawn Matthias - Senators : 0 - Little Stars : 6.
6:28 of 2nd period - Stephane Da Costa wins face-off versus Brian Flynn in neutral zone.
6:53 of 2nd period - Gabriel Bourque is hit by Alexander Vasyunov and loses puck.
6:58 of 2nd period - Snap shot by Jesper Fast.
6:58 of 2nd period - Shot Misses the Net.
7:00 of 2nd period - Snap shot by Alexander Vasyunov.
7:00 of 2nd period - Stopped by Brad Thiessen without a rebound.
7:01 of 2nd period - Patrick Bordeleau wins face-off versus Brian Flynn in Senators zone.
7:15 of 2nd period - Off-side.
7:16 of 2nd period - Stephane Da Costa wins face-off versus Dana Tyrell in neutral zone.
7:30 of 2nd period - Off-side.
7:31 of 2nd period - Zemgus Girgensons wins face-off versus Brian Flynn in neutral zone.
7:44 of 2nd period - Snap shot by Patrick Bordeleau.
7:44 of 2nd period - Stopped by Jhonas Enroth with a rebound.
7:46 of 2nd period - Slapshot by Patrick Bordeleau.
7:46 of 2nd period - Shot Blocked by Brian Flynn.
7:58 of 2nd period - Wrist shot by Marc-André Bernier.
7:58 of 2nd period - Stopped by Jhonas Enroth without a rebound.
7:59 of 2nd period - Jesse Joensuu wins face-off versus Marc-André Bernier in Little Stars zone.
9:00 of 2nd period - Wrist shot by Stephane Da Costa.
9:00 of 2nd period - Shot Misses the Net.
9:02 of 2nd period - Wrist shot by Gabriel Bourque.
9:02 of 2nd period - Deflect By Stephane Da Costa.
9:02 of 2nd period - Stopped by Jhonas Enroth with a rebound.
9:04 of 2nd period - Wrist shot by Stephane Da Costa.
9:04 of 2nd period - Stopped by Jhonas Enroth without a rebound.
9:05 of 2nd period - Brian Flynn wins face-off versus Zemgus Girgensons in Little Stars zone.
9:36 of 2nd period - Snap shot by Jesse Joensuu.
9:36 of 2nd period - Shot Misses the Net.
9:38 of 2nd period - Snap shot by Hugh Jessiman.
9:38 of 2nd period - Stopped by Brad Thiessen with a rebound.
9:40 of 2nd period - Slapshot by Jordie Benn.
9:40 of 2nd period - Shot Misses the Net.
9:42 of 2nd period - Slapshot by Yannick Weber.
9:42 of 2nd period - Shot Misses the Net.
9:49 of 2nd period - Icing by Logan Stephenson.
9:50 of 2nd period - Mathieu Perreault wins face-off versus Shane Prince in Senators zone.
10:03 of 2nd period - Snap shot by Marc-André Bernier.
10:03 of 2nd period - Shot Misses the Net.
10:05 of 2nd period - Snap shot by Shane Prince.
10:05 of 2nd period - Stopped by Jhonas Enroth without a rebound.
10:06 of 2nd period - Chris Thorburn wins face-off versus Dana Tyrell in Little Stars zone.
10:33 of 2nd period - Andrej Sustr is hit by Patrick Bordeleau and loses puck.
10:49 of 2nd period - Icing by Nicolas Deslauriers.
10:50 of 2nd period - Mathieu Perreault wins face-off versus Zemgus Girgensons in Senators zone.
10:59 of 2nd period - Wrist shot by Matt Frattin.
10:59 of 2nd period - Shot Misses the Net.
11:03 of 2nd period - Snap shot by Patrick Bordeleau.
11:03 of 2nd period - Shot Blocked by Jordie Benn.
11:05 of 2nd period - Snap shot by Zemgus Girgensons.
11:05 of 2nd period - Deflect By Patrick Bordeleau.
11:05 of 2nd period - Stopped by Jhonas Enroth without a rebound.
11:06 of 2nd period - Stephane Da Costa wins face-off versus Brian Flynn in Little Stars zone.
11:55 of 2nd period - Slapshot by Matt Frattin.
11:55 of 2nd period - Goal by Matt Frattin - Senators : 1 - Little Stars : 6.
11:56 of 2nd period - Brian Flynn wins face-off versus Stephane Da Costa in neutral zone.
12:01 of 2nd period - Snap shot by Brian Flynn.
12:01 of 2nd period - Shot Blocked by Gabriel Bourque.
12:03 of 2nd period - Snap shot by Brian Flynn.
12:03 of 2nd period - Shot Misses the Net.
12:05 of 2nd period - Slapshot by Jordie Benn.
12:05 of 2nd period - Stopped by Brad Thiessen with a rebound.
12:07 of 2nd period - Snap shot by Alex Chiasson.
12:07 of 2nd period - Stopped by Brad Thiessen without a rebound.
12:08 of 2nd period - Brian Flynn wins face-off versus Stephane Da Costa in Senators zone.
12:33 of 2nd period - Alex Chiasson is hit by Logan Stephenson and loses puck.
12:38 of 2nd period - Wrist shot by Marc-André Bernier.
12:38 of 2nd period - Shot Misses the Net.
12:40 of 2nd period - Wrist shot by Marc-André Bernier.
12:40 of 2nd period - Goal by Marc-André Bernier - Senators : 2 - Little Stars : 6.
12:41 of 2nd period - Stephane Da Costa wins face-off versus Dana Tyrell in neutral zone.
12:44 of 2nd period - Slapshot by Logan Stephenson.
12:44 of 2nd period - Deflect By Gabriel Bourque.
12:44 of 2nd period - Shot Misses the Net.
12:44 of 2nd period - Puck is out of play.
12:45 of 2nd period - Dana Tyrell wins face-off versus Stephane Da Costa in Little Stars zone.
12:58 of 2nd period - Wrist shot by Dana Tyrell.
12:58 of 2nd period - Goal by Dana Tyrell - Senators : 2 - Little Stars : 7.
12:59 of 2nd period - Stephane Da Costa wins face-off versus Brian Flynn in neutral zone.
13:12 of 2nd period - Wrist shot by Brian Flynn.
13:12 of 2nd period - Shot Blocked by Logan Stephenson.
13:14 of 2nd period - Slapshot by Yannick Weber.
13:14 of 2nd period - Shot Blocked by Logan Stephenson.
13:54 of 2nd period - Slapshot by Shane Sims.
13:54 of 2nd period - Deflect By Stephane Da Costa.
13:54 of 2nd period - Shot Misses the Net.
13:54 of 2nd period - Puck is out of play.
13:55 of 2nd period - Brian Flynn wins face-off versus Zemgus Girgensons in Little Stars zone.
14:09 of 2nd period - Keegan Lowe is hit by Alex Chiasson and loses puck.
14:25 of 2nd period - Off-side.
14:26 of 2nd period - Stephane Da Costa wins face-off versus Dana Tyrell in neutral zone.
15:15 of 2nd period - Wrist shot by Robert Klinkhammer.
15:15 of 2nd period - Shot Hit the Post.
15:30 of 2nd period - Logan Stephenson is hit by Tyler Wotherspoon and loses puck.
16:13 of 2nd period - Snap shot by Gabriel Bourque.
16:13 of 2nd period - Shot Hit the Post.
16:52 of 2nd period - Wrist shot by Robert Klinkhammer.
16:52 of 2nd period - Stopped by Brad Thiessen with a rebound.
16:54 of 2nd period - Slapshot by Yannick Weber.
16:54 of 2nd period - Shot Blocked by Phil Di Giuseppe.
17:01 of 2nd period - Icing by Nicolas Deslauriers.
17:02 of 2nd period - Dana Tyrell wins face-off versus Freddie Hamilton in Senators zone.
17:27 of 2nd period - Stephane Da Costa is hit by Jesper Fast and loses puck.
17:39 of 2nd period - Slapshot by Stephane Da Costa.
17:39 of 2nd period - Stopped by Jhonas Enroth without a rebound.
17:40 of 2nd period - Dana Tyrell wins face-off versus Zemgus Girgensons in Little Stars zone.
17:45 of 2nd period - Wrist shot by Hugh Jessiman.
17:45 of 2nd period - Shot Misses the Net.
18:13 of 2nd period - Snap shot by Ryan Dzingel.
18:13 of 2nd period - Shot Misses the Net.
18:29 of 2nd period - Slapshot by Jeff Petry.
18:29 of 2nd period - Shot Blocked by Jordie Benn.
18:35 of 2nd period - Backhand shot by Mathieu Perreault.
18:35 of 2nd period - Stopped by Brad Thiessen without a rebound.
18:36 of 2nd period - Dana Tyrell wins face-off versus Zemgus Girgensons in Senators zone.
18:37 of 2nd period - Snap shot by Jesse Joensuu.
18:37 of 2nd period - Stopped by Brad Thiessen with a rebound.
19:26 of 2nd period - Slapshot by Niklas Hjalmarsson.
19:26 of 2nd period - Shot Blocked by Ryan Dzingel.
19:28 of 2nd period - Wrist shot by Niklas Hjalmarsson.
19:28 of 2nd period - Deflect By Ryan Dzingel.
19:28 of 2nd period - Stopped by Brad Thiessen without a rebound.
19:29 of 2nd period - Stephane Da Costa wins face-off versus Daniel O'regan in Senators zone.
Goals for this period are 2 for Senators vs 4 for Little Stars.
Shots for this period are 14 for Senators vs 14 for Little Stars.
3rd period
0:01 of 3rd period - Chris Thorburn wins face-off versus Dana Tyrell in neutral zone.
0:08 of 3rd period - Wrist shot by Jesse Joensuu.
0:08 of 3rd period - Stopped by Brad Thiessen with a rebound.
0:10 of 3rd period - Snap shot by Niklas Hjalmarsson.
0:10 of 3rd period - Shot Blocked by Patrick Wey.
0:12 of 3rd period - Wrist shot by Jesse Joensuu.
0:12 of 3rd period - Stopped by Brad Thiessen without a rebound.
0:13 of 3rd period - Chris Thorburn wins face-off versus Brian Flynn in Senators zone.
0:15 of 3rd period - Minor Penalty to Logan Stephenson for Tripping.
0:16 of 3rd period - Gabriel Bourque wins face-off versus Brian Flynn in Senators zone.
0:30 of 3rd period - Slapshot by Alex Chiasson.
0:30 of 3rd period - Shot Blocked by Keegan Lowe.
1:01 of 3rd period - Minor Penalty to Chris Thorburn for Tripping.
1:02 of 3rd period - Dana Tyrell wins face-off versus Stephane Da Costa in Senators zone.
1:27 of 3rd period - Patrick Wey is hit by Alex Chiasson and loses puck.
2:15 of 3rd period - Penalty to Logan Stephenson is over, Logan Stephenson is back on ice.
2:23 of 3rd period - Snap shot by Shane Sims.
2:23 of 3rd period - Stopped by Jhonas Enroth with a rebound.
3:01 of 3rd period - Penalty to Chris Thorburn is over, Chris Thorburn is back on ice.
3:05 of 3rd period - Chris Thorburn is hit by Niklas Hjalmarsson and loses puck.
4:08 of 3rd period - Robert Klinkhammer is hit by Shane Sims.
4:26 of 3rd period - Dana Tyrell is hit by Zemgus Girgensons and loses puck.
4:39 of 3rd period - Niklas Hjalmarsson is hit by Jeff Petry.
4:43 of 3rd period - Andrej Sustr is hit by Chris Thorburn and loses puck.
4:56 of 3rd period - Niklas Hjalmarsson is hit by Shane Prince and loses puck.
6:45 of 3rd period - Wrist shot by Chris Thorburn.
6:45 of 3rd period - Stopped by Jhonas Enroth with a rebound.
7:06 of 3rd period - Slapshot by Marc-André Bernier.
7:06 of 3rd period - Deflect By Shane Prince.
7:06 of 3rd period - Goal by Shane Prince - Senators : 3 - Little Stars : 7.
7:07 of 3rd period - Brian Flynn wins face-off versus Zemgus Girgensons in neutral zone.
7:10 of 3rd period - Slapshot by Niklas Hjalmarsson.
7:10 of 3rd period - Stopped by Brad Thiessen without a rebound.
7:11 of 3rd period - Brian Flynn wins face-off versus Zemgus Girgensons in Senators zone.
7:12 of 3rd period - Wrist shot by Shawn Matthias.
7:12 of 3rd period - Stopped by Brad Thiessen without a rebound.
7:13 of 3rd period - Zemgus Girgensons wins face-off versus Brian Flynn in Senators zone.
7:20 of 3rd period - Snap shot by Matt Frattin.
7:20 of 3rd period - Shot Misses the Net.
7:38 of 3rd period - Gabriel Bourque is hit by Dana Tyrell and loses puck.
8:01 of 3rd period - Snap shot by Jesper Fast.
8:01 of 3rd period - Shot Misses the Net.
8:03 of 3rd period - Snap shot by Mathieu Perreault.
8:03 of 3rd period - Shot Misses the Net.
8:37 of 3rd period - Stephane Da Costa is hit by Shawn Matthias and loses puck.
8:44 of 3rd period - Snap shot by Brian Flynn.
8:44 of 3rd period - Shot Blocked by Nicolas Deslauriers.
8:46 of 3rd period - Snap shot by Brian Flynn.
8:46 of 3rd period - Stopped by Brad Thiessen without a rebound.
8:47 of 3rd period - Dana Tyrell wins face-off versus Zemgus Girgensons in Senators zone.
9:38 of 3rd period - Snap shot by Ryan Dzingel.
9:38 of 3rd period - Stopped by Jhonas Enroth with a rebound.
9:52 of 3rd period - Jeff Petry is hit by Jordie Benn and loses puck.
10:51 of 3rd period - Slapshot by Logan Stephenson.
10:51 of 3rd period - Deflect By Marc-André Bernier.
10:51 of 3rd period - Stopped by Jhonas Enroth with a rebound.
11:20 of 3rd period - Slapshot by Andrej Sustr.
11:20 of 3rd period - Shot Misses the Net.
11:22 of 3rd period - Slapshot by Jesse Joensuu.
11:22 of 3rd period - Deflect By Dana Tyrell.
11:22 of 3rd period - Stopped by Brad Thiessen without a rebound.
11:23 of 3rd period - Freddie Hamilton wins face-off versus Dana Tyrell in Senators zone.
12:13 of 3rd period - Backhand shot by Marc-André Bernier.
12:13 of 3rd period - Shot Misses the Net.
12:23 of 3rd period - Wrist shot by Mathieu Perreault.
12:23 of 3rd period - Shot Misses the Net.
12:25 of 3rd period - Wrist shot by Nail Yakupov.
12:25 of 3rd period - Shot Blocked by Stephane Da Costa.
12:27 of 3rd period - Snap shot by Robert Klinkhammer.
12:27 of 3rd period - Shot Blocked by Logan Stephenson.
12:29 of 3rd period - Backhand shot by Tyler Wotherspoon.
12:29 of 3rd period - Shot Misses the Net.
12:31 of 3rd period - Wrist shot by Nail Yakupov.
12:31 of 3rd period - Stopped by Brad Thiessen with a rebound.
13:09 of 3rd period - Brian Flynn is hit by Keegan Lowe and loses puck.
13:42 of 3rd period - Tyson Barrie is hit by Nicolas Deslauriers and loses puck.
14:50 of 3rd period - Wrist shot by Nail Yakupov.
14:50 of 3rd period - Deflect By Robert Klinkhammer.
14:50 of 3rd period - Stopped by Brad Thiessen with a rebound.
14:52 of 3rd period - Snap shot by Robert Klinkhammer.
14:52 of 3rd period - Shot Misses the Net.
15:50 of 3rd period - Slapshot by Chris Thorburn.
15:50 of 3rd period - Shot Blocked by Andrej Sustr.
15:52 of 3rd period - Snap shot by Matt Frattin.
15:52 of 3rd period - Deflect By Shawn Matthias.
15:52 of 3rd period - Shot Blocked by Niklas Hjalmarsson.
15:52 of 3rd period - Puck is out of play.
15:53 of 3rd period - Brian Flynn wins face-off versus Zemgus Girgensons in Little Stars zone.
16:02 of 3rd period - Wrist shot by Alex Chiasson.
16:02 of 3rd period - Stopped by Brad Thiessen with a rebound.
16:18 of 3rd period - Patrick Wey is hit by Dana Tyrell.
16:19 of 3rd period - Icing by Patrick Wey.
16:20 of 3rd period - Dana Tyrell wins face-off versus Stephane Da Costa in Senators zone.
16:31 of 3rd period - Slapshot by Dana Tyrell.
16:31 of 3rd period - Stopped by Brad Thiessen with a rebound.
16:33 of 3rd period - Wrist shot by Hugh Jessiman.
16:33 of 3rd period - Stopped by Brad Thiessen with a rebound.
16:50 of 3rd period - Niklas Hjalmarsson is hit by Patrick Wey and loses puck.
16:53 of 3rd period - Slapshot by Hugh Jessiman.
16:53 of 3rd period - Shot Misses the Net.
16:55 of 3rd period - Wrist shot by Hugh Jessiman.
16:55 of 3rd period - Shot Blocked by Stephane Da Costa.
16:57 of 3rd period - Snap shot by Dana Tyrell.
16:57 of 3rd period - Shot Misses the Net.
16:59 of 3rd period - Snap shot by Hugh Jessiman.
16:59 of 3rd period - Shot Blocked by Patrick Wey.
17:01 of 3rd period - Slapshot by Niklas Hjalmarsson.
17:01 of 3rd period - Stopped by Brad Thiessen without a rebound.
17:02 of 3rd period - Zemgus Girgensons wins face-off versus Brian Flynn in Senators zone.
17:02 of 3rd period - Zemgus Girgensons is hit by Alex Chiasson.
17:28 of 3rd period - Yannick Weber is hit by Shane Prince and loses puck.
17:57 of 3rd period - Robert Klinkhammer is hit by Phil Di Giuseppe and loses puck.
18:10 of 3rd period - Wrist shot by Jordie Benn.
18:10 of 3rd period - Shot Misses the Net.
18:12 of 3rd period - Snap shot by Shawn Matthias.
18:12 of 3rd period - Shot Misses the Net.
18:14 of 3rd period - Wrist shot by Brian Flynn.
18:14 of 3rd period - Stopped by Brad Thiessen without a rebound.
18:15 of 3rd period - Dana Tyrell wins face-off versus Shane Prince in Senators zone.
18:16 of 3rd period - Wrist shot by Jesse Joensuu.
18:16 of 3rd period - Stopped by Brad Thiessen with a rebound.
18:30 of 3rd period - Snap shot by Marc-André Bernier.
18:30 of 3rd period - Stopped by Jhonas Enroth without a rebound.
18:31 of 3rd period - Stephane Da Costa wins face-off versus Brian Flynn in Little Stars zone.
18:39 of 3rd period - Minor Penalty to Shawn Matthias for High sticking.
18:40 of 3rd period - Alex Chiasson wins face-off versus Stephane Da Costa in Little Stars zone.
19:20 of 3rd period - Slapshot by Logan Stephenson.
19:20 of 3rd period - Stopped by Jhonas Enroth with a rebound.
Goals for this period are 1 for Senators vs 0 for Little Stars.
Shots for this period are 7 for Senators vs 14 for Little Stars.
Back to the Top